AoeStats
← 欢乐小菜鸟

Arena

506825561Analyzed
4v4 RM · 16d ago on Sep 15, 2026· 49m 52s· 8 players
Game mode
Random Map
Map size
Large (8 player)
Population
200
Speed
Normal
Resources
Standard
Victory
Conquest
Starting age
Dark Age
Ending age
Imperial Age
RankedLock teamsTeams togetherTeam positionsShared explorationLock speedFull tech treeHidden civsTurbo modeCheats
Victory
Defeat
🇺🇸 Vietnamese · United States
961
+14
🇨🇳 Khmer · China
923
+16
🇷🇺 Franks · Russia
922
+16
🇹🇷 Huns · Türkiye
919
+16
🇨🇳 Persians · China
949
-18
🇨🇳 Vietnamese · China
924
-16
🇨🇳 Magyars · China
911
-15
🇮🇳 Cumans · India
871
-13
moshonkadeda
0:30 Loom
10:53 Feudal Age
11:26 Double-Bit Axe
13:08 Wheelbarrow
17:52 Castle Age
17:31 Stone Mining
17:33 Gold Mining
19:13 Forging
23:24 Bow Saw
24:18 Hand Cart
24:10 Town Watch
25:15 Town Patrol
25:59 Light Cavalry
28:38 Husbandry
29:50 Iron Casting
33:23 Scale Barding Armor
43:00 Imperial Age
40:53 Chain Barding Armor
40:24 Fletching
40:57 Ballistics
41:37 Fortified Wall
41:23 Murder Holes
41:41 Masonry
42:11 Gold Shaft Mining
43:06 Cavalier
44:48 Blast Furnace
44:24 Plate Barding Armor
44:21 Chivalry
44:44 Conscription
44:43 Paladin
49:21 Bodkin Arrow
nicholaihel1699
11:41 Feudal Age
10:59 Loom
12:11 Double-Bit Axe
12:08 Horse Collar
13:05 Wheelbarrow
12:42 Gold Mining
12:47 Stone Mining
22:37 Castle Age
22:43 Bloodlines
22:40 Scale Barding Armor
22:45 Forging
22:40 Scale Barding Armor
22:45 Forging
22:40 Scale Barding Armor
26:05 Bow Saw
25:57 Heavy Plow
29:32 Gold Shaft Mining
29:32 Marauders
30:23 Husbandry
33:14 Hand Cart
36:50 Imperial Age
34:07 Town Watch
34:46 Caravan
36:33 Town Patrol
37:00 Chain Barding Armor
37:15 Iron Casting
37:00 Chain Barding Armor
37:15 Iron Casting
37:05 Elite Tarkan
38:05 Conscription
38:26 Plate Barding Armor
39:56 Blast Furnace
Ben
11:35 Feudal Age
12:54 Double-Bit Axe
12:51 Horse Collar
15:00 Fletching
17:33 Castle Age
17:42 Loom
19:34 Wheelbarrow
19:59 Gold Mining
21:40 Hand Cart
21:37 Bow Saw
24:56 Heavy Plow
33:17 Imperial Age
32:23 Thumb Ring
31:39 Elite Skirmisher
33:33 Bodkin Arrow
33:38 Padded Archer Armor
35:14 Two-Man Saw
34:17 Imperial Skirmisher
34:44 Elite Rattan Archer
36:17 Ballistics
36:52 Town Watch
37:41 Crop Rotation
37:14 Bracer
37:30 Leather Archer Armor
38:38 Chemistry
38:37 Paper Money
38:53 Hoardings
39:24 Stone Mining
40:41 Ring Archer Armor
40:22 Forging
40:12 Scale Mail Armor
41:31 Onager
49:55 Murder Holes
50:08 Siege Engineers
欢乐小菜鸟
11:02 Feudal Age
14:26 Castle Age
12:31 Double-Bit Axe
12:58 Horse Collar
15:32 Wheelbarrow
22:46 Hand Cart
23:33 Stone Mining
23:34 Gold Mining
24:03 Loom
24:04 Town Watch
24:49 Bow Saw
24:46 Heavy Plow
25:14 Gold Mining
26:00 Stone Shaft Mining
28:48 Imperial Age
27:28 Gold Shaft Mining
28:38 Pikeman
29:03 Arson
30:20 Scale Mail Armor
30:30 Forging
31:02 Crop Rotation
30:26 Fletching
31:39 Chemistry
31:00 Ballistics
31:38 Chain Mail Armor
30:45 Halberdier
32:24 Conscription
32:04 Double Crossbow
31:25 Elite Ballista Elephant
35:14 Bloodlines
35:04 Husbandry
35:25 Light Cavalry
36:33 Scale Barding Armor
37:03 Iron Casting
36:23 Bodkin Arrow
37:14 Hussar
38:32 Chain Barding Armor
39:10 Hoardings
42:05 Blast Furnace
41:07 Bracer
41:43 Plate Barding Armor
41:09 Padded Archer Armor
kwik
8:00 Loom
10:20 Feudal Age
10:58 Double-Bit Axe
10:58 Horse Collar
15:11 Wheelbarrow
22:07 Castle Age
20:46 Scale Barding Armor
20:52 Forging
20:56 Bloodlines
22:21 Gold Mining
22:18 Capped Ram
23:24 Chain Barding Armor
28:40 Iron Casting
35:47 Imperial Age
33:33 Hand Cart
33:03 Town Watch
明明就HJC
0:28 Loom
10:18 Feudal Age
10:48 Double-Bit Axe
12:10 Horse Collar
18:34 Castle Age
21:23 Heavy Plow
24:37 Gold Mining
26:06 Gold Shaft Mining
30:00 Imperial Age
27:52 Corvinian Army
27:57 Husbandry
28:21 Bloodlines
28:20 Scale Barding Armor
29:21 Chain Barding Armor
31:27 Plate Barding Armor
31:16 Conscription
30:21 Elite Magyar Huszar
32:12 Crop Rotation
31:55 Stone Mining
32:58 Bow Saw
37:34 Two-Man Saw
37:17 Coinage
38:45 Wheelbarrow
38:44 Banking
特浪哥
10:47 Feudal Age
11:16 Double-Bit Axe
16:49 Castle Age
15:34 Horse Collar
21:03 Bow Saw
21:03 Heavy Plow
21:13 Stone Mining
21:16 Gold Mining
22:44 Gold Shaft Mining
22:09 Loom
23:41 Wheelbarrow
25:57 Hand Cart
27:33 Stone Mining
30:36 Imperial Age
31:13 Stone Shaft Mining
32:43 Two-Man Saw
32:15 Crop Rotation
31:51 Husbandry
32:01 Bloodlines
31:12 Cavalier
32:51 Scale Barding Armor
32:57 Forging
33:52 Chain Barding Armor
34:59 Iron Casting
34:23 Savar
36:15 Plate Barding Armor
37:37 Blast Furnace
36:28 Fletching
37:53 Kamandaran
37:21 Crossbowman
38:06 Thumb Ring
38:56 Conscription
天霸霸
0:33 Loom
11:47 Feudal Age
18:35 Castle Age
17:21 Double-Bit Axe
22:23 Elite Skirmisher
23:30 Bow Saw
23:32 Padded Archer Armor
23:22 Fletching
23:37 Pikeman
24:49 Forging
34:42 Wheelbarrow
45:33 Scale Mail Armor
Connection lost

Rejoining the realm…

Still unreachable

The connection could not be restored.

Session expired

The server has moved on; the page needs a fresh start.